 Dungeon Crawl Stone Soup version 0.30.1-4-g462c640d31 (webtiles) character file.

Game seed: 18285680334890354660

113 Kranky the Unbeliever (level 4, 0/33 HPs)
             Began as a Demonspawn Wanderer on Sept 3, 2023.
             Slain by Ijyb
             ... wielding a +0 club
              (2 damage)
             ... on level 3 of the Dungeon.
             The game lasted 00:03:29 (1765 turns).

Kranky the Unbeliever (Demonspawn Wanderer)         Turns: 1765, Time: 00:03:29

Health: 0/33       AC:  8    Str: 17    XL:     4   Next: 65%
Magic:  7/7        EV:  7    Int: 12    God:
Gold:   91         SH:  6    Dex: 11    Spells: 7/7 levels left

rFire   . . .        i - +2 dagger (speed)
rCold   . . .        d - +2 buckler
rNeg    . . .        j - +0 chain mail
rPois   .            (helmet restricted)
rElec   .            (no cloak)
rCorr   .            (no gloves)
SInv    .            (no boots)
Will    .....        (no amulet) Stlth
                     (no ring)
HPRegen 0.25/turn    (no ring)
MPRegen 0.10/turn

%: no passive effects
@: no status effects
A: horns 1
a: no special abilities


You were on level 3 of the Dungeon.
You visited 1 branch of the dungeon, and saw 3 of its levels.

You collected 91 gold pieces.

Inventory:

Hand Weapons
 a - a +0 club
 f - a +0 dagger
 i - a +2 dagger of speed (weapon)
Armour
 b - a +0 ring mail
 d - a +2 buckler (worn)
 j - a +0 chain mail (worn)
Scrolls
 c - a scroll of butterflies
 e - a scroll of vulnerability {unknown}
 g - 2 scrolls of identify {unknown}
Potions
 h - a potion of resistance
 k - a potion of might {unknown}


   Skills:
 + Level 2.1 Fighting
 + Level 2.5 Armour
 + Level 3.2 Shields
 + Level 2.0 Spellcasting
 - Level 1.1 Necromancy
 + Level 3.6 Invocations


You had 7 spell levels left.
You didn't know any spells.
Your spell library contained the following spells:

 Spells                   Type           Power      Damage    Failure   Level
 Sublimation of Blood     Necr           3%         N/A       98%         2
 Cigotuvi's Dreadful Rot  Necr/Pois/Air  4%         N/A       99%         2


Dungeon Overview and Level Annotations

Branches:
Dungeon (3/15)

Altars:

Annotations:
D:3 Ijyb


Innate Abilities, Weirdness & Mutations

You have a pair of small horns on your head.


Message History

Ijyb moves out of view.
Ijyb screams, "I no like you!"
Ijyb zaps a wand.
The puff of flame hits you.
You start resting.
Ijyb is nearby!
You closely miss Ijyb. You block Ijyb's attack.
You hit Ijyb but do no damage. You headbutt Ijyb.
Ijyb is lightly wounded.
Ijyb zaps a wand.
The puff of flame hits you!
You hit Ijyb.
Ijyb is moderately wounded.
You barely miss Ijyb. Your headbutt misses Ijyb.
Ijyb is moderately wounded.
Ijyb hits you with a +0 club.
You hit Ijyb.
Ijyb is moderately wounded.
Ijyb hits you but does no damage.
You hit Ijyb but do no damage. Your headbutt misses Ijyb.
Ijyb is moderately wounded.
You hit Ijyb.
Ijyb is moderately wounded.
Ijyb screams, "I cut your head off!"
Ijyb zaps a wand.
The puff of flame hits you!
You hit Ijyb. You headbutt Ijyb, but do no damage.
Ijyb is heavily wounded.
Ijyb zaps a wand.
The puff of flame hits you!
* * * LOW HITPOINT WARNING * * *
The now-empty wand crumbles to dust.
You hit Ijyb.
Ijyb is heavily wounded.
Ijyb hits you but does no damage.
You hit Ijyb but do no damage.
Ijyb is heavily wounded.
You hit Ijyb but do no damage.
Ijyb is heavily wounded.
Ijyb hits you but does no damage.
You miss Ijyb. You headbutt Ijyb.
Ijyb is heavily wounded.
Ijyb hits you with a +0 club.
You die...

## ##.## #
##########.#.###...
##..............g...
#............g###...
#.#.###≈###...@#
#...#.#≈#.#....#
#.###.#≈#.###..#
#.....#≈#.....##
#)###.#≈#.###.#
#...#.#≈#.# ..#
##..###≈###..##
#...........#
#.....###.....


You could see Ijyb.

Vanquished Creatures
  Jessica (D:2)
  4 gnolls
  2 worms (D:2)
  2 dart slugs (D:1)
  A ball python (D:2)
  5 endoplasms
  4 hobgoblins
  2 jackals (D:2)
  A quokka (D:1)
  7 bats
  A frilled lizard (D:1)
  4 goblins
  4 kobolds
  2 rats
40 creatures vanquished.

Notes
Turn   | Place    | Note
-------+----------+-------------------------------------------
     0 | D:1      | Kranky the Demonspawn Wanderer began the quest for the Orb.
     0 | D:1      | Kranky set off with the following items: a +0 club, a +0
                  | ring mail, a scroll of butterflies, a +2 buckler; and the
                  | following spells available to memorise: Sublimation of
                  | Blood, Cigotuvi's Dreadful Rot.
     0 | D:1      | Reached XP level 1. HP: 15/15 MP: 2/2
   108 | D:1      | Gained mutation: You have a pair of small horns on your
                  | head. [demonic ancestry]
   108 | D:1      | Reached XP level 2. HP: 4/21 MP: 4/4
   572 | D:1      | Reached XP level 3. HP: 23/26 MP: 5/5
  1193 | D:2      | Noticed Jessica
  1203 | D:2      | Killed Jessica
  1204 | D:2      | Reached XP level 4. HP: 33/33 MP: 6/6
  1748 | D:3      | Noticed Ijyb
  1765 | D:3      | Slain by Ijyb

Illustrated notes

Levels and vault maps discovered:
D:1:      dpeg_arrival_tiny_h, layout_loops_ring
D:2:      layout_basic, uniq_jessica
D:3:      layout_loops_ring, lemuel_round_altar,
          shapermc_ecumenical_altar_rom_forum, grunt_decor_cap, uniq_ijyb

Skill      XL: |  1  2  3  4 |
---------------+-------------+-----
Armour         | 2 |  2.5
Invocations    | 3 |  3.6
Shields        | 3 |  3.2
Fighting       | 2 |  2.1
Spellcasting   | 2 |  2.0
Necromancy     | |  1.1

Action                     |  1- 3 |  4- 6 || total
---------------------------+-------+-------++-------
  Melee: Dagger            |   133 |    51 ||   184
         Club              |     6 |       ||     6
         Headbutt          |    22 |     7 ||    29
 Armour: Ring mail         |    34 |       ||    34
         Chain mail        |    14 |    14 ||    28
  Dodge: Dodged            |    34 |     6 ||    40
  Block: Buckler           |    28 |    10 ||    38
